SA
LAREDO HAWKS @ PHOENIX HOTSPUR U-21
07/14/2038
 
TOP OF THE 1ST
Laredo Hawks batting - Pitching for Phoenix Hotspur U-21 : RHP Jared Martínez
Pitching: RHP Jared Martínez
Batting: RHB Paul Pitts 0-0: Ball
1-0: Ball
2-0: TRIPLE (Flyball, 78XD, EV 109.4 MPH)
Batting: RHB Ji-hyun Yi 0-0: Foul Ball, location: 2F
0-1: Foul Ball, location: 2F
0-2: Ball
1-2: Strikes out swinging
Batting: RHB Eddie Neef 0-0: Ball
Passed Ball!
Paul Pitts scores
1-0: Foul Ball, location: 2F
1-1: Called Strike
1-2: Ball
2-2: Hit by Pitch
Batting: LHB Asberry Harpending 0-0: Ball
1-0: Ball
2-0: Called Strike
2-1: Foul Ball, location: 2F
2-2: Ball
3-2: Strikes out looking
Batting: RHB Jesús Gómez 0-0: Ball
1-0: Foul Ball, location: 2F
1-1: Foul Ball, location: 2F
1-2: Ball
2-2: Fly out, F9 (Flyball, 9LS, EV 97.5 MPH)
Top of the 1st over - 1 run, 1 hit, 0 errors, 1 left on base; Laredo 1 - Phoenix 0
BOTTOM OF THE 1ST
Phoenix Hotspur U-21 batting - Pitching for Laredo Hawks : RHP Clint Kirk
Pitching: RHP Clint Kirk
Batting: RHB Keith Lynn 0-0: Called Strike
0-1: Ball
1-1: Swinging Strike
1-2: Ball
2-2: Ball
3-2: Fly out, F7 (Flyball, 78M, EV 92.5 MPH)
Batting: LHB Ron Lee 0-0: Called Strike
0-1: Ball
1-1: Ball
2-1: Ball
3-1: DOUBLE (Flyball, 78D, EV 88.1 MPH)
Batting: RHB Nate Edwards 0-0: SINGLE (Groundball, 56, EV 105.6 MPH)
Ron Lee to third
Runner from 3rd tries for Home, SAFE, throw by LF to home
Batting: LHB Daniel Joseph 0-0: Ball
1-0: Swinging Strike
1-1: Ball
2-1: Ball
3-1: Swinging Strike
3-2: Foul Ball, location: 2F
3-2: Fly out, F7 (Flyball, 7S, EV 75.0 MPH)
Batting: LHB Richard Barlow 0-0: Called Strike
0-1: Ball
1-1: Ball
2-1: SINGLE (Line Drive, 89S, EV 98.1 MPH)
Nate Edwards to second
Batting: LHB Ben Tyler 0-0: Ball
1-0: Fly out, F6 (Flyball, 6MD, EV 75.6 MPH)
Bottom of the 1st over - 1 run, 3 hits, 0 errors, 2 left on base; Laredo 1 - Phoenix 1
TOP OF THE 2ND
Laredo Hawks batting - Pitching for Phoenix Hotspur U-21 : RHP Jared Martínez
Batting: RHB Jessie Gibbs 0-0: Foul Ball, location: 2F
0-1: Ball
1-1: Ground out 4-3 (Groundball, 4, EV 86.2 MPH)
Batting: LHB Justice Bigbie 0-0: Called Strike
0-1: Foul Ball, location: 2F
0-2: Ground out U3 (Groundball, 34, EV 101.9 MPH)
Batting: RHB Fernando Soto 0-0: Ball
1-0: Ground out 5-3 (Groundball, 56S, EV 90.0 MPH)
Top of the 2nd over - 0 runs, 0 hits, 0 errors, 0 left on base; Laredo 1 - Phoenix 1
BOTTOM OF THE 2ND
Phoenix Hotspur U-21 batting - Pitching for Laredo Hawks : RHP Clint Kirk
Batting: RHB Gabriel Méndez 0-0: Called Strike
0-1: Swinging Strike
0-2: Foul Ball, location: 2F
0-2: Strikes out swinging
Batting: RHB Ger Jobse 0-0: Ball
1-0: Ground out 5-3 (Groundball, 56S, EV 84.4 MPH)
Batting: SHB Ánibal Peña 0-0: Ball
1-0: Fly out, F7 (Flyball, 7LSF, EV 76.9 MPH)
Bottom of the 2nd over - 0 runs, 0 hits, 0 errors, 0 left on base; Laredo 1 - Phoenix 1
TOP OF THE 3RD
Laredo Hawks batting - Pitching for Phoenix Hotspur U-21 : RHP Jared Martínez
Batting: RHB Avigdor Lieberman 0-0: Called Strike
0-1: Ball
1-1: Ground out 4-3 (Groundball, 4, EV 100.6 MPH)
Batting: RHB Paul Pitts 0-0: Swinging Strike
0-1: Called Strike
0-2: Ball
1-2: Strikes out swinging
Batting: RHB Ji-hyun Yi 0-0: Fly out, F8 (Flyball, 89M, EV 92.5 MPH)
Top of the 3rd over - 0 runs, 0 hits, 0 errors, 0 left on base; Laredo 1 - Phoenix 1
BOTTOM OF THE 3RD
Phoenix Hotspur U-21 batting - Pitching for Laredo Hawks : RHP Clint Kirk
Batting: RHB Keith Lynn 0-0: Fly out, F7 (Flyball, 7D, EV 107.5 MPH)
Batting: LHB Ron Lee 0-0: Ball
1-0: Ball
2-0: Ball
3-0: Base on Balls
Batting: RHB Nate Edwards 0-0: Ball
1-0: Ball
Ron Lee steals 2nd base
2-0: Ground out 6-3 (Groundball, 6M, EV 102.5 MPH)
Ron Lee to third
Batting: LHB Daniel Joseph 0-0: Foul Ball, location: 2F
0-1: Ball
1-1: Foul Ball, location: 2F
1-2: SINGLE (Groundball, 4, EV 103.1 MPH) (infield hit)
Ron Lee scores
Batting: LHB Richard Barlow 0-0: Ball
1-0: Called Strike
1-1: Called Strike
1-2: DOUBLE (Flyball, 8RXD, EV 97.5 MPH)
Daniel Joseph to third
Runner from 3rd tries for Home, SAFE, throw by CF to trailing runner, OUT at third! 8-4-5
Bottom of the 3rd over - 2 runs, 2 hits, 0 errors, 0 left on base; Laredo 1 - Phoenix 3
TOP OF THE 4TH
Laredo Hawks batting - Pitching for Phoenix Hotspur U-21 : RHP Jared Martínez
Batting: RHB Eddie Neef 0-0: Foul Ball, location: 2F
0-1: Ball
1-1: Swinging Strike
1-2: Ground out 6-3 (Groundball, 6, EV 100.6 MPH)
Batting: LHB Asberry Harpending 0-0: Called Strike
0-1: Ball
1-1: Called Strike
1-2: Ball
2-2: Foul Ball, location: 2F
2-2: Ball
3-2: Fly out, F6 (Popup, P, EV 90.6 MPH)
Batting: RHB Jesús Gómez 0-0: Ground out 4-3 (Groundball, 4, EV 91.9 MPH)
Top of the 4th over - 0 runs, 0 hits, 0 errors, 0 left on base; Laredo 1 - Phoenix 3
BOTTOM OF THE 4TH
Phoenix Hotspur U-21 batting - Pitching for Laredo Hawks : RHP Clint Kirk
Batting: LHB Ben Tyler 0-0: Ball
1-0: Ball
2-0: Ball
3-0: Base on Balls
Batting: RHB Gabriel Méndez 0-0: Called Strike
0-1: Foul Ball, location: 2F
0-2: Ball
1-2: Ball
2-2: Foul Ball, location: 2F
2-2: Grounds into double play, 6-4-3 (Groundball, 6, EV 87.5 MPH)
Batting: RHB Ger Jobse 0-0: Ball
1-0: Ball
2-0: Ball
3-0: Called Strike
3-1: DOUBLE (Flyball, 8RXD, EV 100.0 MPH)
Batting: SHB Ánibal Peña 0-0: Ball
1-0: Ball
2-0: Called Strike
2-1: Ball
3-1: Ground out 3-1 (Groundball, 34, EV 83.1 MPH)
Bottom of the 4th over - 0 runs, 1 hit, 0 errors, 1 left on base; Laredo 1 - Phoenix 3
TOP OF THE 5TH
Laredo Hawks batting - Pitching for Phoenix Hotspur U-21 : RHP Jared Martínez
Batting: RHB Jessie Gibbs 0-0: Foul Ball, location: 2F
0-1: Called Strike
0-2: Foul Ball, location: 2F
0-2: Ground out 6-3 (Groundball, 6, EV 76.9 MPH)
Batting: LHB Justice Bigbie 0-0: Ball
1-0: Swinging Strike
1-1: Ball
2-1: Ball
3-1: Called Strike
3-2: Fly out, F2 (Popup, 2LF, EV 96.9 MPH)
Batting: RHB Fernando Soto 0-0: Ball
1-0: Ball
2-0: Called Strike
2-1: DOUBLE (Line Drive, 7LM, EV 109.4 MPH)
Batting: RHB Avigdor Lieberman 0-0: Ball
1-0: Fly out, F5 (Popup, 5S, EV 72.5 MPH)
Top of the 5th over - 0 runs, 1 hit, 0 errors, 1 left on base; Laredo 1 - Phoenix 3
BOTTOM OF THE 5TH
Phoenix Hotspur U-21 batting - Pitching for Laredo Hawks : RHP Clint Kirk
Batting: RHB Keith Lynn 0-0: Called Strike
0-1: Ball
1-1: Ball
2-1: Ball
3-1: Base on Balls
Batting: LHB Ron Lee 0-0: Ball
1-0: Bunt - Flyout to 2R! F2
Batting: RHB Nate Edwards 0-0: Ball
1-0: Ball
2-0: Ball
3-0: Called Strike
3-1: Grounds into double play, 5-4-3 (Groundball, 56S, EV 83.1 MPH)
Bottom of the 5th over - 0 runs, 0 hits, 0 errors, 0 left on base; Laredo 1 - Phoenix 3
TOP OF THE 6TH
Laredo Hawks batting - Pitching for Phoenix Hotspur U-21 : RHP Jared Martínez
Batting: RHB Paul Pitts 0-0: Foul Ball, location: 2F
0-1: Called Strike
0-2: Strikes out swinging
Pitching: LHP Teika Suto
Batting: RHB Ji-hyun Yi 0-0: Swinging Strike
0-1: Called Strike
0-2: Foul Ball, location: 2F
0-2: Ground out 4-3 (Groundball, 4, EV 106.2 MPH)
Batting: RHB Eddie Neef 0-0: Foul Ball, location: 2F
0-1: Ball
1-1: Called Strike
1-2: SOLO HOME RUN (Flyball, 78XD, EV 95.0 MPH), Distance : 428 ft
Batting: LHB Asberry Harpending 0-0: Called Strike
0-1: Foul Ball, location: 2F
0-2: Ball
1-2: Ball
2-2: Ball
3-2: Strikes out swinging
Top of the 6th over - 1 run, 1 hit, 0 errors, 0 left on base; Laredo 2 - Phoenix 3
BOTTOM OF THE 6TH
Phoenix Hotspur U-21 batting - Pitching for Laredo Hawks : RHP Clint Kirk
Batting: LHB Daniel Joseph 0-0: Foul Ball, location: 2F
0-1: Ground out 4-3 (Groundball, 4, EV 91.2 MPH)
Batting: LHB Richard Barlow 0-0: Swinging Strike
0-1: Foul Ball, location: 2F
0-2: Ball
1-2: Ball
2-2: Foul Ball, location: 2F
2-2: Strikes out swinging
Batting: LHB Ben Tyler 0-0: SINGLE (Line Drive, 4MD, EV 98.1 MPH)
Pitching: RHP Quan Yang
Batting: RHB Gabriel Méndez 0-0: Ball
1-0: DOUBLE (Flyball, 8RXD, EV 102.5 MPH)
Ben Tyler to third
Runner from 3rd tries for Home, SAFE, no throw by CF
Batting: RHB Ger Jobse 0-0: SINGLE (Groundball, 6D, EV 96.2 MPH)
Gabriel Méndez to third
Runner from 3rd tries for Home, SAFE, throw by LF to home
Batting: SHB Ánibal Peña 0-0: Called Strike
0-1: Swinging Strike
0-2: Foul Ball, location: 2F
0-2: Ball
1-2: Strikes out swinging
Bottom of the 6th over - 2 runs, 3 hits, 0 errors, 1 left on base; Laredo 2 - Phoenix 5
TOP OF THE 7TH
Laredo Hawks batting - Pitching for Phoenix Hotspur U-21 : LHP Teika Suto
Batting: RHB Jesús Gómez 0-0: Ball
1-0: Ball
2-0: Foul Ball, location: 2F
2-1: Foul Ball, location: 2F
2-2: Ball
3-2: Ground out 5-3 (Groundball, 56, EV 85.0 MPH)
Batting: RHB Jessie Gibbs 0-0: Called Strike
0-1: Swinging Strike
0-2: Strikes out swinging
Batting: LHB Justice Bigbie 0-0: Ball
1-0: Ball
2-0: Ball
3-0: Called Strike
3-1: Foul Ball, location: 2F
3-2: Strikes out swinging
Top of the 7th over - 0 runs, 0 hits, 0 errors, 0 left on base; Laredo 2 - Phoenix 5
BOTTOM OF THE 7TH
Phoenix Hotspur U-21 batting - Pitching for Laredo Hawks : RHP Quan Yang
Batting: RHB Keith Lynn 0-0: Called Strike
0-1: Fly out, F8 (Line Drive, 8RD, EV 90.0 MPH)
Batting: LHB Ron Lee 0-0: Ball
1-0: Ball
2-0: Foul Ball, location: 2F
2-1: Ball
3-1: Base on Balls
Batting: RHB Nate Edwards 0-0: Ball
1-0: Called Strike
1-1: Called Strike
Ron Lee steals 2nd base
1-2: Foul Ball, location: 2F
1-2: Ball
2-2: Ball
3-2: Foul Ball, location: 2F
3-2: Foul Ball, location: 2F
3-2: SINGLE (Groundball, 4S, EV 74.4 MPH) (infield hit)
Ron Lee to third
Batting: LHB Daniel Joseph 0-0: Ball
1-0: Ball
Nate Edwards steals 2nd base (no throw)
2-0: Intentional Walk
Batting: LHB Richard Barlow 0-0: Ball
1-0: GRAND SLAM HOME RUN (Flyball, 89XD, EV 98.8 MPH), Distance : 441 ft
Pitching: RHP Javier Iturburua
Batting: LHB Ben Tyler 0-0: Ground out U3 (Groundball, 34S, EV 65.0 MPH)
Batting: RHB Gabriel Méndez 0-0: Called Strike
0-1: Ball
1-1: Foul Ball, location: 2F
1-2: Fly out, F9 (Flyball, 9, EV 86.9 MPH)
Bottom of the 7th over - 4 runs, 2 hits, 0 errors, 0 left on base; Laredo 2 - Phoenix 9
TOP OF THE 8TH
Laredo Hawks batting - Pitching for Phoenix Hotspur U-21 : LHP Teika Suto
Batting: RHB Fernando Soto 0-0: Ball
1-0: SINGLE (Line Drive, 9LS, EV 90.6 MPH)
Batting: RHB Avigdor Lieberman 0-0: Ball
Wild Pitch!
Fernando Soto to second
1-0: SINGLE (Groundball, 34D, EV 102.5 MPH)
Fernando Soto to third
Runner from 3rd tries for Home, SAFE, throw by RF to home
Avigdor Lieberman to second
Batting: RHB Paul Pitts 0-0: Called Strike
0-1: Foul Ball, location: 2F
0-2: Strikes out swinging
Batting: RHB Ji-hyun Yi 0-0: SINGLE (Groundball, 6MD, EV 96.9 MPH)
Avigdor Lieberman to third
Batting: RHB Eddie Neef 0-0: Ball
1-0: Ball
2-0: Called Strike
2-1: Foul Ball, location: 2F
2-2: Grounds into double play, 4-6-3 (Groundball, 34, EV 85.6 MPH)
Top of the 8th over - 1 run, 3 hits, 0 errors, 1 left on base; Laredo 3 - Phoenix 9
BOTTOM OF THE 8TH
Phoenix Hotspur U-21 batting - Pitching for Laredo Hawks : RHP Javier Iturburua
Batting: RHB Ger Jobse 0-0: Swinging Strike
0-1: SINGLE (Groundball, 4D, EV 95.0 MPH)
Batting: SHB Ánibal Peña 0-0: Called Strike
0-1: Ground out 4-3 (Groundball, 3D, EV 105.0 MPH)
Ger Jobse to second
Batting: RHB Keith Lynn 0-0: Called Strike
0-1: Ball
1-1: Ball
2-1: Called Strike
2-2: Ball
3-2: 2-RUN HOME RUN (Flyball, 7D, EV 101.9 MPH), Distance : 396 ft
Batting: LHB Ron Lee 0-0: Called Strike
0-1: Foul Ball, location: 2F
0-2: Ball
1-2: Foul Ball, location: 2F
1-2: SINGLE (Line Drive, 6MD, EV 97.5 MPH)
Batting: RHB Nate Edwards 0-0: Called Strike
0-1: Foul Ball, location: 2F
0-2: Foul Ball, location: 2F
0-2: Fielders Choice at 2nd, 4-6 (Groundball, 4M, EV 84.4 MPH)
Batting: LHB Daniel Joseph 0-0: Swinging Strike
0-1: Swinging Strike
0-2: Strikes out swinging
Bottom of the 8th over - 2 runs, 3 hits, 0 errors, 1 left on base; Laredo 3 - Phoenix 11
TOP OF THE 9TH
Laredo Hawks batting - Pitching for Phoenix Hotspur U-21 : LHP Teika Suto
Batting: LHB Asberry Harpending 0-0: Ball
1-0: Ball
2-0: Ball
3-0: Base on Balls
Batting: RHB Jesús Gómez 0-0: Ball
1-0: Foul Ball, location: 2F
1-1: Foul Ball, location: 2F
1-2: Fly out, F8 (Flyball, 89S, EV 90.0 MPH)
Batting: RHB Jessie Gibbs 0-0: Swinging Strike
0-1: Ball
1-1: Grounds into double play, 4-6-3 (Groundball, 4, EV 88.1 MPH)
Top of the 9th over - 0 runs, 0 hits, 0 errors, 0 left on base; Laredo 3 - Phoenix 11
Friday, April 17th, 2020 - OOTP Baseball 20.8 Build 74